 Dungeon Crawl Stone Soup version 0.31-a0-232-gb1c03b2570 (webtiles) character file.

Game seed: 1671941519153980268

51 LynnLen the Sneak (level 3, 16/16 HPs)
             Began as a Spriggan Enchanter on July 7, 2023.
             Quit the game on level 2 of the Dungeon.
             The game lasted 00:07:42 (1337 turns).

LynnLen the Sneak (Spriggan Enchanter)              Turns: 1337, Time: 00:07:43

Health: 16/16      AC:  2    Str:  4    XL:     3   Next: 58%
Magic:  8/8        EV: 17    Int: 18    God:
Gold:   64         SH:  0    Dex: 15    Spells: 0/8 levels left

rFire   . . .        e - +2 dagger (venom)
rCold   . . .        (no shield)
rNeg    . . .        b - +0 robe
rPois   .            (helmet restricted)
rElec   .            (no cloak)
rCorr   .            (gloves unavailable)
SInv    +            (boots unavailable)
Will    .....        (no amulet)
Stlth   +++          (no ring)
HPRegen 0.22/turn    (no ring)
MPRegen 0.11/turn

%: no passive effects
@: very quick
A: very small, no large weapons, unfitting armour, see invisible, speed 3
a: no special abilities


You were on level 2 of the Dungeon.
You visited 1 branch of the dungeon, and saw 2 of its levels.

You collected 64 gold pieces.

Inventory:

Hand Weapons
 e - a +2 dagger of venom (weapon)
Missiles
 a - 3 poisoned darts (quivered)
 d - 11 stones
Armour
 b - a +0 robe (worn)
Scrolls
 f - a scroll of fear {unknown}
 i - a scroll of blinking {unknown}
 k - a scroll of vulnerability {unknown}
 l - a scroll of immolation {unknown}
Potions
 c - 2 potions of invisibility
 g - a potion of heal wounds {unknown}
 h - a potion of cancellation {unknown}
 j - a potion of mutation {unknown}


   Skills:
 + Level 1.1 Short Blades
 - Level 2.6 Dodging
 * Level 6.0 Stealth
 - Level 3.4 Spellcasting
 * Level 4.2 Hexes
 + Level 0.0 Ice Magic


You couldn't memorise any spells.
You knew the following spells:

 Your Spells              Type           Power      Damage    Failure   Level
a - Ensorcelled Hibernat  Hex/Ice        20%        N/A       10%         2
b - Confusing Touch       Hex            18%        N/A       9%          3
c - Tukima's Dance        Hex            18%        N/A       9%          3

Your spell library contained the following spells:

 Spells                   Type           Power      Damage    Failure   Level
 Dazzling Flash           Conj/Hex       20%        N/A       21%         3
 Blink                    Tloc           6%         N/A       24%         2
 Lesser Beckoning         Tloc           6%         N/A       24%         2
 Momentum Strike          Conj/Tloc      6%         3d8       24%         2
 Summon Ice Beast         Ice/Summ       3%         N/A       83%         4
 Summon Mana Viper        Hex/Summ       10%        N/A       88%         5
 Monstrous Menagerie      Summ           1%         N/A       100%        7


Dungeon Overview and Level Annotations

Branches:
Dungeon (2/15)

Altars:


Innate Abilities, Weirdness & Mutations

You are very small and have problems with some larger weapons.
You are too small for most types of armour.
You have supernaturally acute eyesight. (SInv)
You cover ground extremely quickly. (Speed+++)


Message History

The adder hisses angrily.
The adder closely misses you. The adder misses you.
Casting: Ensorcelled Hibernation (safe; 11% risk of failure)
Confirm with . or Enter, or press ? or * to list all spells.
Aiming: Ensorcelled Hibernation (safe; 11% risk of failure)
Press: ? - help, Shift-Dir - straight line, f - adder
Aim: an adder (chance to affect: 52%)
The adder looks drowsy...
The helpless adder fails to defend itself.
You impale the adder!!
You kill the adder!
You see here an adder corpse.
Found a book of Beasts.
A goblin comes into view. It is wielding a +0 dagger.
Found a scroll labelled YMADIUR FOTYRI.
Things that are here:
a +0 club; a kobold corpse The helpless goblin fails to defend itself.
You impale the goblin!!
You kill the goblin!
k - a scroll labelled ZIANUHE NAFE You now have 55 gold pieces (gained 13).
l - a scroll labelled YMADIUR FOTYRI
Found a dagger.
A frilled lizard comes into view.
Found 9 gold pieces.
You see here a book of Beasts.
A worm comes into view.
The helpless frilled lizard fails to defend itself.
You impale the frilled lizard!!
You kill the frilled lizard!
Your Stealth skill increases to level 6!
You now have 64 gold pieces (gained 9).
You pick up a book of Beasts and begin reading...
You add the spells Summon Ice Beast, Summon Mana Viper and Monstrous Menagerie to your library.
Okay, then.
Unknown command.
Unknown command.
Are you sure you want to abandon this character and quit the game? (Confirm with "yes".)

.#.#.# .# ######...###..
.....##.######†............
..)............#.##.###.#..
##..#..#########.##.# .#
#..##.# #.##.# # #..#..##
#.##.# .#...#..#### #.##.#
#..........#####....###.#
##.####.........@.......#
#. #..#.#####.######## #.
#..#.# #.# #. #..#.#####.#
##.####..........#
...........#####.#
##............##)#
######.......##.#.####
####..............


There were no monsters in sight!

Vanquished Creatures
  An adder (D:2)
  2 bats (D:1)
  3 endoplasms
  4 goblins
  5 hobgoblins (D:1)
  7 jackals (D:1)
  A quokka (D:1)
  3 ball pythons (D:1)
  2 frilled lizards
  4 kobolds
  7 rats (D:1)
39 creatures vanquished.

Notes
Turn   | Place    | Note
-------+----------+-------------------------------------------
     0 | D:1      | LynnLen the Spriggan Enchanter began the quest for the Orb.
     0 | D:1      | Reached XP level 1. HP: 9/9 MP: 5/5
   286 | D:1      | Reached skill level 5 in Stealth
   286 | D:1      | Reached XP level 2. HP: 13/13 MP: 6/6
   322 | D:1      | Learned a level 2 spell: Ensorcelled Hibernation
   637 | D:1      | Reached XP level 3. HP: 16/16 MP: 8/8
   641 | D:1      | Learned a level 3 spell: Confusing Touch
   645 | D:1      | Learned a level 3 spell: Tukima's Dance
  1319 | D:2      | Reached skill level 6 in Stealth
  1337 | D:2      | Quit the game

Illustrated notes

Levels and vault maps discovered:
D:1:      dpeg_arrival_pond, layout_basic
D:2:      layout_loops_ring, kennysheep_cross_bottleneck, uniq_sigmund

Skill      XL: |  1  2  3 |
---------------+----------+-----
Stealth        | 5 6 |  6.0
Spellcasting   | 3 |  3.4
Hexes          | 4 |  4.2
Short Blades   | |  1.1
Dodging        | |  2.6

Action                     || total
---------------------------++-------
  Melee: Dagger            ||   106
   Cast: Ensorcelled Hiber ||     2
   Stab: Sleeping          ||    14
         Distracted        ||     1
 Armour: Robe              ||     8
  Dodge: Dodged            ||    71

Table legend: (Time is in decaauts)
 A = Elapsed time spent in this place.
 B = Non-inter-level travel time spent in this place.
 C = Inter-level travel time spent in this place.
 D = Time resting spent in this place.
 E = Time spent auto-exploring this place.
 F = Levels seen in this place.
 G = Mean time per level.
                   A        B        C        D        E       F      G
               +--------+--------+--------+--------+--------+-----+--------+
         Total |    887 |    851 |     36 |     26 |    214 |   2 |  443.5 |
       Dungeon |    887 |    851 |     36 |     26 |    214 |   2 |  443.5 |
               +--------+--------+--------+--------+--------+-----+--------+

Top non-repeatable levels by time:
     D:1: 781 daAuts
     D:2: 106 daAuts
